 Dungeon Crawl Stone Soup version 0.17-a0-1534-gf98da79 (webtiles) character file.

1995 mrath the Digger (level 9, -1/51 HPs)
             Began as a Gargoyle Earth Elementalist on July 17, 2015.
             Was a Follower of Vehumet.
             Slain by a yak (5 damage)
             ... on level 7 of the Dungeon.
             The game lasted 01:33:21 (8367 turns).

mrath the Digger (Gargoyle Earth Elementalist)      Turns: 8367, Time: 01:33:21

Health: -1/51      AC: 10    Str: 13    XL:     9   Next: 21%
Magic:  15/19      EV: 18    Int: 18    God:    Vehumet [*.....]
Gold:   356        SH:  0    Dex: 15    Spells: 4 memorised, 11 levels left

rFire  x . .     SeeInvis +     b - +2 great sword (curse)
rCold  + . .     Clarity  .     N - +1 robe {MR+}
rNeg   + . .     SustAt   .     (no shield)
rPois  ∞         Gourm    .     G - +0 helmet
rElec  +         Spirit   .     (no cloak)
rCorr  +         Warding  .     t - +0 pair of gloves
rMut   .         Stasis   .     (no boots)
MR     +....                    B - amulet of resist corrosion
Stlth  +++.......               F - ring of see invisible
                                k - ring of ice

@: agile, somewhat resistant to hostile enchantments, fairly stealthy
A: negative energy resistance 1, electricity resistance, unbreathing,
petrification resistance, rot immunity, AC +5
a: Renounce Religion


You were on level 7 of the Dungeon.
You worshipped Vehumet.
Vehumet was aware of your devotion.
You were not hungry.

You visited 1 branch of the dungeon, and saw 7 of its levels.

You collected 356 gold pieces.

Inventory:

Hand weapons
 b - a cursed +2 great sword (weapon)
 e - a +0 dagger
 j - the +7 Singing Sword
   (You found it on level 6 of the Dungeon)
 n - a +0 whip of venom
 p - a +0 hunting sling
 y - a +1 dagger of draining
 C - a +1 dagger of venom
 J - a +0 shortbow
 M - a +1 dagger of speed
 R - a +3 scimitar of freezing
 X - a +3 mace
Missiles
 a - 48 stones
 i - 9 poisoned needles
 w - 55 arrows
 D - 7 needles of sleeping
 E - 9 poisoned arrows
 P - 17 bolts
 Z - 11 tomahawks (quivered)
Armour
 t - a +0 pair of gloves (worn)
 G - a +0 helmet (worn)
 N - a +1 robe of magic resistance (worn)
Jewellery
 k - a ring of ice (left hand)
 z - a +4 ring of evasion {unknown}
 B - an amulet of resist corrosion (around neck)
 F - a ring of see invisible (right hand)
 L - an uncursed ring of positive energy
Magical devices
 o - a wand of teleportation (2)
 H - a wand of cold (14)
 K - a wand of slowing (26)
Scrolls
 f - a scroll of identify
 h - a scroll of enchant weapon {unknown}
 q - a scroll of recharging {unknown}
 r - 3 scrolls of teleportation
 x - a scroll of amnesia {unknown}
 A - a scroll of fear {unknown}
 O - a scroll of random uselessness {unknown}
 S - a scroll of immolation {unknown}
 T - a scroll of vulnerability {unknown}
 W - a scroll of enchant armour {unknown}
 Y - a scroll of remove curse {unknown}
Potions
 d - a potion of heal wounds {unknown}
 g - a potion of curing
 m - a potion of beneficial mutation {unknown}
 u - a potion of invisibility {unknown}
 v - 3 potions of agility
 I - a potion of ambrosia {unknown}
 Q - a potion of berserk rage {unknown}
 V - a potion of brilliance {unknown}
Books
 c - a book of Geomancy

   Spells                             Type                      Level
   a - Sandblast                      Earth                        1
   b - Stoneskin                      Transmutation/Earth          2
   c - Passwall                       Transmutation/Earth          3
   d - Stone Arrow                    Conjuration/Earth            3
   e - Petrify                        Transmutation/Earth          4
   f - Lee's Rapid Deconstruction     Earth                        5
Comestibles
 l - 2 bread rations
 s - 4 meat rations


   Skills:
 + Level 3.2 Fighting
 + Level 2.4 Throwing
 + Level 2.8 Dodging
 - Level 2.1 Stealth
 * Level 7.1 Spellcasting
 + Level 3.2 Conjurations
 + Level 2.0 Transmutations
 + Level 7.6 Earth Magic
 + Level 2.2 Evocations


You had 11 spell levels left.
You knew the following spells:

 Your Spells              Type           Power        Failure   Level  Hunger
a - Sandblast             Erth           ####..       1%          1    None
b - Stoneskin             Trmt/Erth      ###.....     1%          2    None
c - Stone Arrow           Conj/Erth      ####..       3%          3    ##.....
d - Lee's Rapid Deconstr  Erth           ####......   17%         5    #####..


Dungeon Overview and Level Annotations

Branches:
Dungeon (7/15)
 Temple: D:4-7

Altars:
Vehumet

Shops:
D:5 *   D:7 *(


Innate Abilities, Weirdness & Mutations

You are resistant to torment.
Your stone body is resilient (AC +5).
You are immune to poison.
You resist negative energy.
You are resistant to electric shocks.
You can survive without breathing.
You are immune to petrification.
You are immune to rotting.


Message History

The yak is heavily wounded.
The yak gores you.
* * * LOW HITPOINT WARNING * * *
Casting: Sandblast
Confirm with . or Enter, or press ? or * to list all spells.
Aiming: Sandblast
Press: ? - help, Shift-Dir - straight line, f/p - yak
Aim: a yak (heavily wounded)
The blast of sand hits the yak.
The yak is heavily wounded.
The yak barely misses you.
Casting: Sandblast
Confirm with . or Enter, or press ? or * to list all spells.
Aiming: Sandblast
Press: ? - help, Shift-Dir - straight line, f/p - yak
Aim: a yak (heavily wounded)
The blast of sand hits the yak.
The yak is heavily wounded.
The yak gores you.
You die...

##.####.#...####
#.##.## # ##.##.# +.
#..##.# #.###.###.#
#....###.########.#.#
###.#...............)..
#......###..##.<###...#
#..#...Y@...##..# .
##.....####.##..#
##.#..# #...... #.#..#
####..## #.#..# #[.#
#..# #..#
#.#..#######..#
#....(.......
###..........


You could see a yak.

Vanquished Creatures
  2 yaks (D:7)
  Duvessa (D:4)
  A phantom (D:6)
  An ice beast (D:6)
  A giant frog (D:6)
  Dowan (D:4)
  5 scorpions (D:6)
  3 wights (D:5)
  2 orc priests
  A centaur zombie (D:6)
  2 hounds
  Ijyb (D:2)
  2 iguanas
  3 giant frog skeletons
  3 jellies
  3 orc wizards (D:6)
  Natasha (D:2)
  4 worker ants
  2 worker ant zombies
  12 adders
  6 gnolls
  2 oozes
  2 worms (D:2)
  2 giant geckos
  29 orcs
  17 bats
  5 giant cockroaches
  10 hobgoblins
  2 quokkas
  5 ball pythons
  4 giant newts
  18 goblins
  4 jackals
  7 kobolds
  16 rats
180 creatures vanquished.

Notes
Turn   | Place    | Note
--------------------------------------------------------------
     0 | D:1      | mrath the Gargoyle Earth Elementalist began the quest for the Orb.
     0 | D:1      | Reached XP level 1. HP: 10/10 MP: 3/3
   186 | D:1      | Reached XP level 2. HP: 15/15 MP: 5/5
   294 | D:1      | Learned a level 2 spell: Stoneskin
   568 | D:1      | Reached skill level 4 in Earth Magic
  1095 | D:1      | Reached XP level 3. HP: 19/19 MP: 7/7
  1463 | D:1      | Learned a level 3 spell: Stone Arrow
  1513 | D:2      | Noticed Ijyb
  1900 | D:2      | Killed Ijyb
  1900 | D:2      | Reached XP level 4. HP: 15/24 MP: 3/9
  2849 | D:3      | Noticed Natasha
  2856 | D:2      | Killed Natasha
  2856 | D:2      | Reached XP level 5. HP: 15/28 MP: 3/11
  3223 | D:3      | Reached skill level 5 in Earth Magic
  3827 | D:3      | Reached XP level 6. HP: 32/32 MP: 2/13
  4066 | D:3      | Found a faded altar to an unknown god.
  4432 | D:4      | Reached skill level 5 in Spellcasting
  4662 | D:4      | Reached skill level 6 in Earth Magic
  5048 | D:4      | Reached XP level 7. HP: 33/36 MP: 15/15
  5141 | D:4      | Noticed Duvessa
  5142 | D:4      | Noticed Dowan
  5164 | D:4      | Killed Duvessa
  5165 | D:4      | Killed Dowan
  5283 | D:4      | Found a radiant altar of Vehumet.
  5287 | D:4      | Became a worshipper of Vehumet
  5517 | D:4      | Learned a level 5 spell: Lee's Rapid Deconstruction
  5518 | D:5      | Entered Level 5 of the Dungeon
  5533 | D:5      | Found Abiwni's Assorted Antiques.
  5891 | D:5      | Reached skill level 1 in Throwing
  6207 | D:5      | Reached skill level 1 in Fighting
  6262 | D:5      | Reached XP level 8. HP: 31/43 MP: 13/17
  6265 | D:5      | Reached skill level 1 in Evocations
  6460 | D:6      | Reached skill level 1 in Conjurations
  6618 | D:6      | Acquired Vehumet's first power
  6618 | D:6      | Offered knowledge of Flame Tongue by Vehumet.
  6679 | D:6      | Reached skill level 1 in Transmutations
  6679 | D:6      | Reached skill level 7 in Earth Magic
  7904 | D:6      | Reached XP level 9. HP: 29/49 MP: 19/19
  8123 | D:7      | Found Feecae's Antique Weapon Shoppe.
  8141 | D:7      | Found Dejimn's General Store.
  8367 | D:7      | Slain by a yak

Vault maps used:
D:1:      sevenhm_arrival_forest_fort_small_5, bh_walls_and_bars
D:2:      kennysheep_the_goblin_king, uniq_iyjb
D:3:      ecumenical_altar_2, uniq_natasha
D:4:      overflow_temple_1_default, first_bread, kennysheep_generic_room_13,
          uniq_duvessa
D:5:      serial_shops, shop
D:6:      old_forge
D:7:      minmay_temple_entry_junction2, serial_shops, shop_fountains, shop,
          shop, shop, kennysheep_little_box

Action                   |  1- 3 |  4- 6 |  7- 9 || total
-------------------------+-------+-------+-------++-------
Melee: Spear             |   151 |    47 |       ||   198
       Club              |       |    14 |       ||    14
       Dagger            |       |    13 |    47 ||    60
       Great sword       |       |       |    79 ||    79
Throw: Tomahawk          |       |    11 |    98 ||   109
 Cast: Sandblast         |    12 |   124 |    79 ||   215
       Stoneskin         |     1 |     1 |     3 ||     5
       Stone Arrow       |       |     1 |     1 ||     2
  Use: Scroll            |       |     5 |     3 ||     8
       Potion            |       |       |     2 ||     2
 Stab: Sleeping          |     3 |     1 |     1 ||     5
  Eat: Bread ration      |     1 |     2 |       ||     3
       Chunk             |       |     3 |     6 ||     9
       Beef jerky        |       |       |     1 ||     1
